 Dungeon Crawl Stone Soup version 0.28.0-53-g5a82cb258f (webtiles) character file.

Game seed: 352624578865483847

429 safid the Cleaver (level 6, -11/52 HPs)
             Began as a Hill Orc Fighter on May 27, 2022.
             Mangled by Blork the orc
             ... wielding a +0 glaive
              (14 damage)
             ... in the Ecumenical Temple.
             The game lasted 00:05:27 (3691 turns).

safid the Cleaver (Hill Orc Fighter)                Turns: 3691, Time: 00:05:28

Health: -11/52     AC:  7    Str: 21    XL:     6   Next: 98%
Magic:  6/6        EV:  9    Int:  8    God:
Gold:   137        SH:  4    Dex: 10    Spells: 5/5 levels left

rFire   . . .      SeeInvis .   a - +0 war axe
rCold   . . .      Faith    .   c - +0 buckler
rNeg    . . .      Spirit   .   b - +0 scale mail
rPois   .          Reflect  .   (no helmet)
rElec   .          Harm     .   (no cloak)
rCorr   .          Rampage  .   (no gloves)
Will    .....                   (no boots)
Stlth   ..........              (no amulet)
HPRegen 0.17/turn               (no ring)
MPRegen 0.10/turn               (no ring)

@: no status effects
A: no striking features
a: no special abilities


You were in the Ecumenical Temple.
You visited 2 branches of the dungeon, and saw 6 of its levels.

You collected 137 gold pieces.

Inventory:

Hand Weapons
 a - a +0 war axe (weapon)
Armour
 b - a +0 scale mail (worn)
 c - a +0 buckler (worn)
Wands
 o - a wand of paralysis (7)
Scrolls
 d - 2 scrolls of immolation {unknown}
 e - a scroll of enchant weapon {unknown}
 f - 2 scrolls of identify {unknown}
 i - a scroll of teleportation {unknown}
 j - a scroll of fear
 m - a scroll of vulnerability {unknown}
 n - a scroll of enchant armour {unknown}
Potions
 g - a potion of degeneration
 h - a potion of resistance
 p - a potion of magic {unknown}


   Skills:
 - Level 4.0 Fighting
 + Level 8.5 Axes
 - Level 4.0 Armour
 - Level 4.0 Shields


You had 5 spell levels left.
You didn't know any spells.
Your spell library contained the following spells:

 Spells                   Type           Power      Damage    Failure   Level
 Beastly Appendage        Tmut           0%         N/A       83%         1
 Wereblood                Tmut           0%         N/A       92%         2
 Ozocubu's Armour         Ice            0%         N/A       99%         3
 Spider Form              Tmut/Pois      0%         N/A       99%         3
 Ozocubu's Refrigeration  Ice            0%         4d5       100%        7


Dungeon Overview and Level Annotations

Branches:
Dungeon (6/15)             Temple (1/1) D:5

Altars:
Gozag
Okawaru
Vehumet

Annotations:
D:5 Dowan
Temple Blork the orc


Message History

Blork the orc hits you with a +0 glaive.
The scorpion stings you but does no damage.
Blork the orc closely misses you.
You closely miss Blork the orc.
Blork the orc is heavily wounded.
You closely miss the scorpion.
Blork the orc hits you with a +0 glaive.
The scorpion stings you but does no damage.
You block Blork the orc's attack.
You barely miss Blork the orc.
Blork the orc is heavily wounded.
You closely miss the scorpion. The scorpion stings you.
Blork the orc closely misses you. The scorpion barely misses you.
You hit Blork the orc but do no damage.
Blork the orc is heavily wounded.
You barely miss the scorpion.
Blork the orc hits you with a +0 glaive. x2
* * * LOW HITPOINT WARNING * * *
You block the scorpion's attack.
You closely miss Blork the orc.
Blork the orc is heavily wounded.
You closely miss the scorpion.
Blork the orc hits you but does no damage.
The scorpion stings you but does no damage.
Blork the orc barely misses you.
Unknown command.
You hit Blork the orc.
Blork the orc is heavily wounded.
You closely miss the scorpion.
The scorpion stings you but does no damage.
Blork the orc barely misses you. The scorpion stings you.
* * * LOW HITPOINT WARNING * * *
Unknown command.
You slash Blork the orc!
Blork the orc is severely wounded.
You barely miss the scorpion.
Blork the orc hits you with a +0 glaive.
* * * LOW HITPOINT WARNING * * *
Blork the orc hits you with a +0 glaive!
You die...

≈≈≈≈≈.....≈≈≈≈≈
≈≈≈≈≈..⌠..≈≈≈≈≈
≈≈≈≈≈.....≈≈≈≈≈
≈≈≈≈≈.....≈≈≈≈≈
≈≈≈≈≈.....≈≈≈≈≈
≈≈≈≈......≈≈≈≈≈
........s.≈≈≈≈≈
.......@..≈≈≈≈≈
........o.≈≈≈≈≈
≈≈≈≈......≈≈≈≈≈
≈≈≈≈≈.....≈≈≈≈≈
≈≈≈≈≈.....≈≈≈≈≈
≈≈≈≈≈.....≈≈≈≈≈
≈≈≈≈≈..⌠..≈≈≈≈≈
≈≈≈≈≈.....≈≈≈≈≈


You could see Blork the orc (fast) and a scorpion.

Vanquished Creatures
  Sigmund (D:3)
  A centaur zombie (D:6)
  A jelly (D:6)
  A hound (D:6)
  Natasha (thrice) (D:2)
  3 adders
  A gnoll (D:1)
  A shadow imp (D:3)
  A white imp (D:6)
  4 orcs (D:3)
  5 bats
  7 endoplasms
  A giant cockroach (D:1)
  3 goblins (D:1)
  7 hobgoblins
  6 kobolds
  6 ball pythons
  5 frilled lizards
  2 rats (D:1)
59 creatures vanquished.

Notes
Turn   | Place    | Note
-------+----------+-------------------------------------------
     0 | D:1      | safid the Hill Orc Fighter began the quest for the Orb.
     0 | D:1      | Reached XP level 1. HP: 19/19 MP: 1/1
   233 | D:1      | Reached XP level 2. HP: 27/27 MP: 2/2
   237 | D:1      | Reached skill level 3 in Axes
   406 | D:1      | Reached XP level 3. HP: 15/33 MP: 3/3
  1065 | D:2      | Noticed Natasha
  1075 | D:2      | Killed Natasha
  1076 | D:2      | Reached skill level 4 in Axes
  1076 | D:2      | Reached XP level 4. HP: 14/40 MP: 4/4
  1411 | D:2      | Noticed Natasha
  1420 | D:2      | Killed Natasha
  1552 | D:2      | Found a faded altar of an unknown god.
  1748 | D:2      | Reached skill level 5 in Axes
  1778 | D:2      | Noticed Natasha
  1789 | D:2      | Killed Natasha
  1790 | D:2      | Reached XP level 5. HP: 26/46 MP: 5/5
  2417 | D:3      | Noticed Sigmund
  2837 | D:3      | Killed Sigmund
  2838 | D:3      | Reached skill level 7 in Axes
  2838 | D:3      | Reached XP level 6. HP: 9/52 MP: 6/6
  3130 | D:3      | Found an opulent altar of Gozag.
  3218 | D:3      | You fall into a shaft and drop 3 floors!
  3231 | D:6      | Reached skill level 8 in Axes
  3324 | D:6      | Found a radiant altar of Vehumet.
  3362 | D:6      | Noticed a wraith
  3389 | D:5      | Entered Level 5 of the Dungeon
  3391 | D:5      | Noticed Dowan
  3407 | D:5      | Found an iron altar of Okawaru.
  3423 | D:5      | Found a staircase to the Ecumenical Temple.
  3424 | D:5      | Noticed Blork the orc
  3432 | Temple   | Entered the Ecumenical Temple
  3691 | Temple   | Mangled by Blork the orc

Illustrated notes

Levels and vault maps discovered:
D:1:      lemuel_arrival_room, layout_loops_ring, minmay_box_of_dots
D:2:      layout_basic, dreamdust_ecumenical_altar_angels_and_demons,
          uniq_natasha
D:3:      layout_basic, lemuel_crystal_altar, uniq_sigmund
D:5:      layout_cave_pools, nicolae_tso_besieged_by_evil, okawaru_gym_becter,
          minmay_temple_entry_sparse_star, gup_sewer_entry_bowl,
          minmay_misc_feat_cross, uniq_pikel, uniq_duvessa, uniq_blork_the_orc,
          uniq_eustachio
D:6:      layout_rooms, vehumet_altar_wand_db, ebering_ghost_rock_garden,
          amcnicky_mini_corridor_feature, uniq_crazy_yiuf_cottage, uniq_edmund
Temple:   minmay_temple_bridge_abc

Skill      XL: |  1  2  3  4  5  6 |
---------------+-------------------+-----
Axes           | 3 4 5 7 8 |  8.5
Fighting       | 4 |  4.0
Armour         | 4 |  4.0
Shields        | 4 |  4.0

Action                   |  1- 3 |  4- 6 || total
-------------------------+-------+-------++-------
Melee: War axe           |    72 |   117 ||   189
  Use: Potion            |       |     6 ||     6
       Scroll            |       |     1 ||     1
Armor: Scale mail        |    31 |    60 ||    91
       Skin              |       |     1 ||     1
Dodge: Dodged            |    37 |    58 ||    95
Block: Buckler           |    23 |    28 ||    51
